 Dungeon Crawl Stone Soup version 0.32-a0-485-g70f7560b1c (webtiles) character file.

Game seed: 13323499977565485921

93 ytrimaz the Shield-Bearer (level 4, -3/35 HPs)
             Began as a Formicid Fighter on Feb 27, 2024.
             Slain by Sigmund
             ... wielding a +0 scythe
              (10 damage)
             ... on level 2 of the Dungeon.
             The game lasted 00:01:34 (1630 turns).

ytrimaz the Shield-Bearer (Formicid Fighter)        Turns: 1630, Time: 00:01:35

Health: -3/35      AC:  7    Str: 20    XL:     4   Next: 92%
Magic:  4/4        EV:  9    Int:  8    God:
Gold:   134        SH:  5    Dex: 15    Spells: 3/3 levels left

rFire   . . .        a - +0 war axe
rCold   . . .        c - +0 buckler
rNeg    . . .        b - +0 scale mail
rPois   .            (helmet unavailable)
rElec   .            (no cloak)
rCorr   .            (no gloves)
SInv    +            (no boots)
Will    +....        (no amulet) Stlth
                     (no ring)
HPRegen 0.25/turn    (no ring)
MPRegen 0.09/turn

%: no passive effects
@: mighty, enlightened, flying
A: permanent stasis, dig shafts and tunnels, antennae 3, four strong arms
a: Dig, Shaft Self


You were on level 2 of the Dungeon.
You visited 1 branch of the dungeon, and saw 2 of its levels.

You collected 134 gold pieces.


Innate Abilities, Weirdness & Mutations

You cannot be hasted, slowed, berserked, paralysed or teleported.
You can dig through walls and to a lower floor.
You have a pair of large antennae on your head. (SInv)
Your four strong arms can wield two-handed weapons with a shield.


   Skills:
 - Level 3.2 Fighting
 + Level 3.1 Axes
 + Level 4.2 Armour
 + Level 5.1 Shields


You had 3 spell levels left.
You didn't know any spells.
Your spell library contained the following spells:

 Spells                   Type           Power      Damage    Failure   Level
 Apportation              Tloc           0%         N/A       82%         1
 Jinxbite                 Hex            0%         N/A       91%         2
 Alistair's Intoxication  Alch           0%         N/A       100%        5

Inventory:

Hand Weapons
 a - a +0 war axe (weapon)
Armour
 b - a +0 scale mail (worn)
 c - a +0 buckler (worn)
Jewellery
 i - a ring of wizardry
   (You found it on level 2 of the Dungeon)
 p - a ring of protection from cold
   (You found it on level 2 of the Dungeon)
Wands
 j - a wand of flame (17)
   (You found it on level 2 of the Dungeon)
Scrolls
 g - a scroll of immolation
 h - 3 scrolls of amnesia
 m - a scroll of noise {unknown}
Potions
 k - a potion of curing {unknown}
 l - a potion of resistance {unknown}
 n - a potion of brilliance {unknown}
 o - a potion of ambrosia {unknown}

Dungeon Overview and Level Annotations

Branches:
Dungeon (2/15) Zot: 10322

Altars:

Annotations:
D:2 Sigmund

###
#>########
#.@@......
#.########
#.# #.#
#### #.#
... #.# #.
#.# #. #.#
#. #.#
##########.


You could see Sigmund.


Message History

You see here a +0 dagger.
Unknown command.
Found a stone staircase leading up. 😎 HP[+1]
Your hp is fully restored (35).
There is a stone staircase leading up here.
Key pressed, stopping explore.
A quokka comes into view.
A quokka is nearby!
A quokka is nearby!
A quokka is nearby!
Unknown command.
No target in view!
No target in view!
Unknown command.
No target in view!
Unknown command.
The quokka bites you. 😕 HP[-2]
You take 2 damage, and now have 33/35 hp.
You miss the quokka. You block the quokka's attack.
You slash the quokka!
You kill the quokka! 😕 HP[+1] Unknown command.
No target in view!
Key pressed, stopping explore.
You sense a monster nearby. 😎 HP[+1]
Your hp is fully restored (35).
An endoplasm comes into view.
The endoplasm quivers.
An endoplasm is nearby!
You completely miss the endoplasm. The endoplasm freezes you.
You are frozen. 😕 HP[-2]
You take 2 damage, and now have 33/35 hp.
Unknown command.
You hit the endoplasm. The endoplasm freezes you.
You are frozen.
The endoplasm hits you but does no damage.
You slash the endoplasm!
You kill the endoplasm! 😕 HP[-3]
You take 3 damage, and now have 30/35 hp.
You sense a monster nearby. 😎 HP[+5]
Your hp is fully restored (35).
Found an escape hatch in the floor.
Sigmund the Dreaded comes into view.
He is wielding a +0 scythe.
Sigmund shouts!
Sigmund points at you and mumbles some strange words.
You are confused.
Unknown command.
You bump into the rock wall.
Unknown command.
You're too confused to move!
It was a potion of enlightenment.
You feel very buoyant.
You fly up into the air.
Sigmund says, "Don't worry, I'll kill you fast."
Unknown command.
It was a potion of haste.
Your stasis prevents you from being hasted.
You feel less confused. Sigmund casts a spell at you.
The magic dart hits you. 😕 HP[-2]
You take 2 damage, and now have 33/35 hp.
You feel very mighty all of a sudden. Sigmund closely misses you.
Unknown command.
Sigmund hits you with a +0 scythe! 😮 HP[-8]
You take 8 damage, and now have 25/35 hp.
MASSIVE DAMAGE!! (PAUSE)
You closely miss Sigmund.
Unknown command.
You closely miss Sigmund.
Sigmund hits you with a +0 scythe. 😮 HP[-2]
You take 2 damage, and now have 23/35 hp.
You closely miss Sigmund.
Sigmund hits you with a +0 scythe. 😮 HP[-2]
You take 2 damage, and now have 21/35 hp.
Unknown command.
You slash Sigmund! Sigmund hits you with a +0 scythe!
* * * LOW HITPOINT WARNING * * *
😨 HP[-9]
You take 9 damage, and now have 12/35 hp.
MASSIVE DAMAGE!! (PAUSE)
You closely miss Sigmund. Sigmund hits you with a +0 scythe.
* * * LOW HITPOINT WARNING * * *
😱 HP[-5]
You take 5 damage, and now have 7/35 hp.
Unknown command.
You closely miss Sigmund. Sigmund hits you with a +0 scythe!
You die...
Sigmund begins carving another notch in his scythe.

Skill      XL: |  1  2  3  4 |
---------------+-------------+-----
Armour         | 4 |  4.2
Axes           | 3 |  3.1
Shields        | 5 |  5.1
Fighting       | |  3.2

Action                     |  1- 3 |  4- 6 || total
---------------------------+-------+-------++-------
  Melee: War axe           |    71 |    43 ||   114
    Use: Scroll            |     2 |       ||     2
         Potion            |       |     3 ||     3
 Armour: Scale mail        |    53 |    28 ||    81
  Dodge: Dodged            |    35 |    16 ||    51
  Block: Buckler           |    22 |    12 ||    34

Levels and vault maps discovered:
D:1:      lightli_arrival_boilingwater, layout_loops_ring
D:2:      layout_basic, wander_ebering_terrifying_dragon_lair, uniq_sigmund,
          uniq_crazy_yiuf_cottage

Notes
Turn   | Place    | Note
-------+----------+-------------------------------------------
     0 | D:1      | ytrimaz the Formicid Fighter began the quest for the Orb.
     0 | D:1      | Reached XP level 1. HP: 18/18 MP: 1/1
     0 | D:1      | magus.rc [v1.9.6]
    93 | D:1      | You pick up a book of Party Tricks and begin reading...
    93 | D:1      | You add the spells Apportation, Jinxbite and Alistair's
                  | Intoxication to your library.
   125 | D:1      | Reached XP level 2. HP: 23/24 MP: 2/2
   195 | D:1      | Reached XP level 3. HP: 23/29 MP: 3/3
   989 | D:2      | Reached skill level 4 in Armour
   989 | D:2      | Reached XP level 4. HP: 35/35 MP: 4/4
  1277 | D:2      | Reached skill level 3 in Axes
  1277 | D:2      | Reached skill level 5 in Shields
  1617 | D:2      | Noticed Sigmund
  1629 | D:2      | HP: 7/35 [Sigmund/+0 scythe (5)]
  1630 | D:2      | Slain by Sigmund

Vanquished Creatures
  4 adders (D:2)
  2 dart slugs (D:1)
  7 ball pythons
  7 endoplasms
  2 giant cockroaches (D:1)
  4 hobgoblins
  4 jackals (D:1)
  4 kobolds
  A quokka (D:2)
  4 bats
  4 frilled lizards
  3 goblins (D:2)
  5 rats
51 creatures vanquished.

Table legend:
 A = Non-vault XP
 B = Vault XP
 C = Vault XP percentage of total XP
 D = Non-vault monster count
 E = Vault monster count
 F = Vault count percentage of total count
                 A         B        C        D         E       F
            +---------+---------+-------+---------+---------+-------
      Total |     133 |       1 |   0.7 |      50 |       1 |   2.0
            +---------+---------+-------+---------+---------+-------
        D:1 |      57 |       0 |   0.0 |      31 |       0 |   0.0
        D:2 |      76 |       1 |   1.3 |      19 |       1 |   5.0
            +---------+---------+-------+---------+---------+-------

Skill      XL: |  1  2  3  4 |
---------------+-------------+-----
Armour         | 4 |  4.2
Axes           | 3 |  3.1
Shields        | 5 |  5.1
Fighting       | |  3.2

Action                     |  1- 3 |  4- 6 || total
---------------------------+-------+-------++-------
  Melee: War axe           |    71 |    43 ||   114
    Use: Scroll            |     2 |       ||     2
         Potion            |       |     3 ||     3
 Armour: Scale mail        |    53 |    28 ||    81
  Dodge: Dodged            |    35 |    16 ||    51
  Block: Buckler           |    22 |    12 ||    34

Illustrated notes

Table legend:
 A = Kills in this place as a percentage of kills in the entire game.
 B = Kills by you in this place as a percentage of kills by you in the entire game.
 C = Kills by friends in this place as a percentage of kills by friends in the entire game.
 D = Other kills in this place as a percentage of other kills in the entire game.
 E = Experience gained in this place as a percentage of experience gained in the entire game.
 F = Experience gained in this place divided by the number of levels of this place that you have seen.
                   A       B       C       D       E      F
               +-------+-------+-------+-------+-------+----------------------
         Total | 100.0 | 100.0 |   N/A |   N/A | 100.0 |  67.0
       Dungeon | 100.0 | 100.0 |   N/A |   N/A | 100.0 |  67.0
               +-------+-------+-------+-------+-------+----------------------

Table legend: (Time is in decaauts)
 A = Elapsed time spent in this place.
 B = Non-inter-level travel time spent in this place.
 C = Inter-level travel time spent in this place.
 D = Time resting spent in this place.
 E = Time spent auto-exploring this place.
 F = Levels seen in this place.
 G = Mean time per level.
                   A        B        C        D        E       F      G
               +--------+--------+--------+--------+--------+-----+--------+
         Total |   1676 |   1670 |      6 |      0 |   1284 |   2 |  838.0 |
       Dungeon |   1676 |   1670 |      6 |      0 |   1284 |   2 |  838.0 |
               +--------+--------+--------+--------+--------+-----+--------+

Top non-repeatable levels by time:
     D:2: 955 daAuts
     D:1: 721 daAuts
